 Dungeon Crawl Stone Soup version 0.31-a0-220-gc2f4f3cf83 (webtiles) character file.

Game seed: 15959513124808720115

373 qw the Chopper (level 6, -4/38 HPs)
             Began as a Gargoyle Fighter on July 3, 2023.
             Slain by Duvessa
             ... wielding a +4 short sword
              (18 damage)
             ... on level 4 of the Dungeon.
             The game lasted 00:01:18 (2306 turns).

qw the Chopper (Gargoyle Fighter)                   Turns: 2306, Time: 00:01:19

Health: -4/38      AC: 20    Str: 22    XL:     6   Next: 72%
Magic:  6/6        EV:  6    Int:  8    God:
Gold:   165        SH:  4    Dex:  9    Spells: 5/5 levels left

rFire   . . .        Y - +1 war axe
rCold   . . .        c - +0 buckler
rNeg    + . .        m - +0 plate armour
rPois   inf          f - +2 helmet
rElec   +            (no cloak)
rCorr   +            b - +0 pair of gloves
SInv    .            (no boots)
Will    .....        o - amulet of regeneration Stlth
                     l - ring of resist corrosion
HPRegen 1.06/turn    (no ring)
MPRegen 0.10/turn

%: no passive effects
@: no status effects
A: sickness immunity, AC +4, negative energy resistance 1, electricity
resistance, torment resistance 1, petrification resistance
a: no special abilities


You were on level 4 of the Dungeon.
You visited 1 branch of the dungeon, and saw 4 of its levels.

You collected 165 gold pieces.


Innate Abilities, Weirdness & Mutations

You are immune to sickness and miasma.
Your stone body is resilient. (AC +4)
You are immune to poison.
You resist negative energy. (rN+)
You are resistant to electric shocks. (rElec)
You are resistant to unholy torment.
You are immune to petrification.


   Skills:
 - Level 4.0 Fighting
 - Level 6.0 Axes
 + Level 3.2 Armour
 - Level 3.2 Shields


You had 5 spell levels left.
You didn't know any spells.
Your spell library was empty.

Inventory:

Hand Weapons
 i - a +2 whip of electrocution
 Y - a +1 war axe (weapon)
Armour
 b - a +0 pair of gloves (worn)
 c - a +0 buckler (worn)
 f - a +2 helmet (worn)
 m - a +0 plate armour (worn)
Jewellery
 l - a ring of resist corrosion (left hand)
 o - an amulet of regeneration (around neck)
Scrolls
 j - a scroll of identify {unknown}
Potions
 a - a potion of mutation {unknown}
 d - 2 potions of might
 e - a potion of curing {unknown}
 g - a potion of invisibility {unknown}
 h - a potion of lignification {unknown}

Dungeon Overview and Level Annotations

Branches:
Dungeon (4/15)             Temple (0/1) D:4

Altars:
Ru

Annotations:
D:4 Duvessa


Message History

You now have 165 gold pieces (gained 11).
j - a scroll labelled LIDYNA ULEIZEY An orc priest and Dowan come into view.
Found a staircase to the Ecumenical Temple.
Dowan mumbles some strange words.
Dowan blinks!
2298 ||| PLANNING TEMPLE You slash Dowan!
Dowan is heavily wounded.
Duvessa, Sister of Dowan comes into view.
She is wielding a +4 short sword.
Dowan completely misses you.
You slash Dowan!
You kill Dowan!
Duvessa screams, "No!
How DARE you!"
Duvessa goes berserk!
Your Fighting skill increases to level 4!
You slash the orc priest!
The orc priest is severely wounded.
The orc priest mumbles some strange prayers to Beogh against you.
Beogh smites you!
You hit the orc priest.
The orc priest is almost dead.
You block the orc priest's attack.
The orc priest mumbles some strange prayers to Beogh against you.
Pain shoots through your body!
You closely miss the orc priest.
The orc priest is almost dead.
You block the orc priest's attack.
You hit the orc priest.
You kill the orc priest!
Duvessa hits you with a +4 short sword!
Your Axes skill increases to level 6!
You hit Duvessa but do no damage. Duvessa hits you with a +4 short sword!
Duvessa hits you with a +4 short sword.
2305 ||| DRINKING potion of heal wounds.
You feel much better. Duvessa hits you with a +4 short sword!
Duvessa hits you with a +4 short sword.
You closely miss Duvessa.
Duvessa hits you with a +4 short sword!!
You die...

..#.# #.#.#### ##
.###.#.#.. .#
....#.#.# .# .
#..#.#.## ># ..#
#.......# .#
....###.......## .#
.....<.........##e####
.########.......@....#
##.#...#####.# #>#####
#.# #+#


You could see Duvessa (berserk).

Vanquished Creatures
  Grinder (D:3)
  Dowan (D:4)
  An orc priest (D:4)
  Robin (D:2)
  2 adders
  3 worms
  4 endoplasms
  2 giant cockroaches
  8 goblins
  12 hobgoblins
  7 jackals (D:2)
  5 kobolds
  4 ball pythons
  6 bats
  8 frilled lizards
  2 rats
67 creatures vanquished.

Notes
Turn   | Place    | Note
-------+----------+-------------------------------------------
     0 | D:1      | qw the Gargoyle Fighter began the quest for the Orb.
     0 | D:1      | Reached XP level 1. HP: 14/14 MP: 1/1
     0 | D:1      | 0 ||| qw: Version: 0.3-a-40-ge99b1a8
     0 | D:1      | 0 ||| qw: Game counter: 484
     0 | D:1      | 0 ||| qw: Melee chars always use a shield: true
     0 | D:1      | 0 ||| qw: God list: Okawaru
     0 | D:1      | 0 ||| qw: Allow faded altars: false
     0 | D:1      | 0 ||| qw: Do Orc after clearing Dungeon:15 true
     0 | D:1      | 0 ||| qw: Do second Lair branch before Depths: true
     0 | D:1      | 0 ||| qw: Lair rune preference: random
     0 | D:1      | 0 ||| qw: Goals: Normal, Zot:1-4, Slime:5, God:TSO, Crypt,
                  | Tomb, Abyss, Pan, Hells, Win
     0 | D:1      | 0 ||| PLANNING D:1-11
    55 | D:1      | Reached skill level 2 in Axes
   147 | D:1      | Reached XP level 2. HP: 18/19 MP: 2/2
   197 | D:1      | 197 ||| Stepping ~*~*~tactically~*~*~ (hiding).
   512 | D:1      | 512 ||| Stepping ~*~*~tactically~*~*~ (stealth).
   543 | D:1      | 543 ||| Stepping ~*~*~tactically~*~*~ (stealth).
   630 | D:1      | Reached skill level 3 in Axes
   788 | D:1      | 788 ||| UPGRADING to +0 helmet.
   793 | D:1      | 793 ||| READING 3 scrolls labelled YQICAU SETOM.
   794 | D:1      | 794 ||| DROPPING 2 scrolls of poison.
   869 | D:2      | 869 ||| DROPPING +2 whip of electrocution.
   915 | D:2      | Reached XP level 3. HP: 23/23 MP: 3/3
  1009 | D:2      | Found a sacrificial altar of Ru.
  1067 | D:2      | Noticed Robin
  1080 | D:2      | Killed Robin
  1138 | D:2      | Reached XP level 4. HP: 28/28 MP: 4/4
  1142 | D:2      | Reached skill level 4 in Axes
  1625 | D:2      | 1625 ||| UPGRADING to +2 helmet.
  1635 | D:2      | 1635 ||| DROPPING +0 helmet.
  1636 | D:2      | 1636 ||| UPGRADING to +0 plate armour.
  1646 | D:2      | 1646 ||| DROPPING +0 scale mail.
  1647 | D:2      | 1647 ||| UPGRADING to ring of resist corrosion.
  1648 | D:2      | 1648 ||| READING scroll labelled DUS NA GOJAS.
  1649 | D:2      | 1649 ||| READING scroll labelled EWAUSOE XULAA.
  1650 | D:2      | 1650 ||| READING scroll labelled UWUC HECWIADO.
  1651 | D:2      | 1651 ||| DRINKING 2 ruby potions.
  1797 | D:3      | Found a faded altar of an unknown god.
  1873 | D:3      | Noticed Grinder
  1884 | D:3      | Paralysed by Grinder for 3 turns
  1890 | D:3      | Paralysed by Grinder for 3 turns
  1895 | D:3      | Killed Grinder
  1896 | D:3      | Reached skill level 5 in Axes
  1896 | D:3      | Reached XP level 5. HP: 31/32 MP: 5/5
  1896 | D:3      | Reached XP level 6. HP: 36/37 MP: 6/6
  2233 | D:3      | 2233 ||| UPGRADING to +0 pair of gloves.
  2238 | D:3      | 2238 ||| UPGRADING to amulet of regeneration.
  2243 | D:3      | 2243 ||| DROPPING amulet of magic regeneration.
  2244 | D:3      | 2244 ||| READING scroll labelled HIEJ VORIO.
  2245 | D:3      | 2245 ||| READING scroll labelled VEDWEJE JASIPING.
  2297 | D:4      | Found a staircase to the Ecumenical Temple.
  2297 | D:4      | Noticed Dowan
  2298 | D:4      | 2298 ||| PLANNING TEMPLE
  2298 | D:4      | Noticed Duvessa
  2299 | D:4      | Killed Dowan
  2304 | D:4      | Reached skill level 6 in Axes
  2304 | D:4      | HP: 5/38 [Duvessa/+4 short sword (5)]
  2305 | D:4      | 2305 ||| DRINKING potion of heal wounds.
  2306 | D:4      | Slain by Duvessa

Levels and vault maps discovered:
D:1:      dpeg_arrival_rooms_b, layout_loops_cross
D:2:      kennysheep_big_flooded_room, layout_loops_ring, basic_altar,
          uniq_robin
D:3:      layout_rooms, hellmonk_ecumenical_altar_blasted, st_stairs_11,
          uniq_grinder
D:4:      layout_loops_corners, minmay_temple_entry_proselytizer, serial_shops,
          shop, uniq_duvessa, uniq_ijyb

Skill      XL: |  1  2  3  4  5  6 |
---------------+-------------------+-----
Axes           | 2 3 5 6 |  6.0
Fighting       | 4 |  4.0
Armour         | |  3.2
Shields        | |  3.2

Action                     |  1- 3 |  4- 6 || total
---------------------------+-------+-------++-------
  Melee: War axe           |   111 |    87 ||   198
    Use: Scroll            |     1 |     5 ||     6
         Potion            |       |     2 ||     2
 Armour: Scale mail        |    61 |     4 ||    65
         Plate armour      |       |    32 ||    32
  Dodge: Dodged            |    57 |    17 ||    74
  Block: Buckler           |    16 |    11 ||    27

Table legend:
 A = Non-vault XP
 B = Vault XP
 C = Vault XP percentage of total XP
 D = Non-vault monster count
 E = Vault monster count
 F = Vault count percentage of total count
                 A         B        C        D         E       F
            +---------+---------+-------+---------+---------+-------
      Total |     111 |     423 |  79.2 |      50 |      17 |  25.4
            +---------+---------+-------+---------+---------+-------
        D:1 |      30 |       0 |   0.0 |      19 |       0 |   0.0
        D:2 |      46 |      34 |  42.5 |      18 |      11 |  37.9
        D:3 |      35 |     276 |  88.7 |      13 |       4 |  23.5
        D:4 |       0 |     113 | 100.0 |       0 |       2 | 100.0
            +---------+---------+-------+---------+---------+-------
